 Dungeon Crawl Stone Soup version 0.31-a0-986-g5e6e4ef867 (webtiles) character file.

Game seed: 13359905780139378220

133 jasper the Trooper (level 4, -1/40 HPs)
             Began as a Demonspawn Cinder Acolyte on Nov 7, 2023.
             Was a High Priest of Ignis.
             Killed by divine providence
             ... invoked by an orc priest
              (17 damage)
             ... on level 3 of the Dungeon.
             The game lasted 00:02:42 (2116 turns).

jasper the Trooper (Demonspawn Cinder Acolyte)      Turns: 2116, Time: 00:02:43

Health: -1/40      AC: 15    Str: 15    XL:     4   Next: 94%
Magic:  5/5        EV: 10    Int: 15    God:    Ignis [*****.]
Gold:   144        SH:  0    Dex: 10    Spells: 5/5 levels left

rFire   + .          .
                       - Unarmed
rCold   . . .        (no shield)
rNeg    . . .        f - +1 ring mail
rPois   .            (no helmet)
rElec   .            (no cloak)
rCorr   .            (no gloves)
SInv    .            (no boots)
Will    .....        (no amulet) Stlth
                     (no ring)
HPRegen 0.26/turn    (no ring)
MPRegen 0.09/turn

%: no passive effects
@: fiery-armoured
A: yellow scales 1
a: Renounce Religion, Fiery Armour, Foxfire Swarm, Rising Flame


You were on level 3 of the Dungeon.
You worshipped Ignis.
Ignis was extremely pleased with you.
You visited 1 branch of the dungeon, and saw 3 of its levels.

You collected 144 gold pieces.

Inventory:

Hand Weapons
 e - a +0 club
 j - a +0 short sword
Missiles
 g - 3 curare-tipped darts
 h - 25 stones (quivered)
Armour
 a - a +0 robe
 f - a +1 ring mail (worn)
Jewellery
 n - an amulet of reflection
Scrolls
 b - a scroll of vulnerability
 c - a scroll of noise
 d - a scroll of blinking
 i - 2 scrolls of summoning
 o - a scroll of immolation
 p - a scroll of identify
 q - a scroll of enchant weapon {unknown}
Potions
 k - a potion of lignification
 l - a potion of might {unknown}
 m - a potion of heal wounds


   Skills:
 + Level 5.7 Fighting
 - Level 2.6 Unarmed Combat
 - Level 1.0 Spellcasting
 - Level 2.6 Fire Magic


You had 5 spell levels left.
You didn't know any spells.
Your spell library contained the following spells:

 Spells                   Type           Power      Damage    Failure   Level
 Scorch                   Fire           16%        2d5       24%         2
 Shock                    Conj/Air       0%         1d3       43%         1
 Static Discharge         Conj/Air       0%         3-3/arc   58%         2
 Volatile Blastmotes      Fire/Tloc      8%         2d10      63%         3
 Swiftness                Air            0%         N/A       82%         3
 Airstrike                Air            0%         2d(0-16)  99%         4
 Fulminant Prism          Conj/Hex       0%         3d5       99%         4
 Iskenderun's Mystic Bla  Conj/Tloc      0%         2d3       99%         4
 Summon Lightning Spire   Summ/Air       0%         N/A       99%         4
 Summon Forest            Summ/Tloc      0%         N/A       100%        5
 Summon Mana Viper        Hex/Summ       0%         N/A       100%        5
 Summon Cactus Giant      Summ           0%         N/A       100%        6


Dungeon Overview and Level Annotations

Branches:
Dungeon (3/15)

Altars:


Innate Abilities, Weirdness & Mutations

You are partially covered in yellow scales. (AC +2)


Message History

The orc wizard gestures wildly while chanting.
The orc wizard flickers and vanishes!
Deactivating autopickup; reactivate with Ctrl-A.
Health restored: 39 You hit something.
Something hits you but does no damage.
You hit something.
You hear some strange, mumbled words.
A magic dart appears from out of thin air!
The magic dart hits you!
You take 8 damage, and have 31/39 hp.
MASSIVE DAMAGE!!
You hit something. Something hits you but does no damage.
Reactivating autopickup.
You feel a bit more experienced.
You completely miss the orc priest.
An orc comes into view. It is wielding a +0 flail.
The orc priest completely misses you.
You hit the orc priest.
The orc priest is lightly wounded.
The orc priest invokes the aid of Beogh against you.
Beogh smites you!
You take 13 damage, and have 20/40 hp.
MASSIVE DAMAGE!!
You barely miss the orc priest.
The orc priest is lightly wounded.
The orc priest hits you with a +0 club.
The orc priest is burned by your cloak of flames.
The orc priest is heavily wounded.
You take 5 damage, and have 15/40 hp.
You barely miss the orc priest.
The orc priest is heavily wounded.
The orc priest hits you but does no damage.
The orc priest is burned by your cloak of flames.
The orc priest is severely wounded.
You completely miss the orc priest.
The orc priest is severely wounded.
The orc priest miscasts a cantrip.
You hit the orc priest.
The orc priest is almost dead.
The orc priest calls down the wrath of Beogh upon you.
Beogh smites you!
You die...

..##..#####).##.###.###..
.........................
#...................####.
.........>...............
........###.###..........
#######.# #.# .###.#####
#.# #.## # # #...
#######.###..##.# #...
#.......@ooo..... #...
###########..##.# #... .#
#... .o #... o. #### .. .


You could see an orc priest and 2 orcs.

Vanquished Creatures
  A centaur (D:3)
  An orc wizard (D:3)
  A worm (D:2)
  An orc (D:3)
  5 endoplasms
  6 goblins
  3 hobgoblins
  5 ball pythons
  A bat (D:2)
  2 frilled lizards
  3 kobolds
  A rat (D:2)
30 creatures vanquished.

Notes
Turn   | Place    | Note
-------+----------+-------------------------------------------
     0 | D:1      | jasper the Demonspawn Cinder Acolyte began the quest for
                  | the Orb.
     0 | D:1      | Reached XP level 1. HP: 18/18 MP: 2/2
   748 | D:1      | Gained mutation: You are partially covered in yellow
                  | scales. (AC +2) [demonic ancestry]
   748 | D:1      | Reached XP level 2. HP: 19/24 MP: 3/3
  1159 | D:2      | Reached skill level 4 in Fighting
  1709 | D:3      | Reached XP level 3. HP: 29/30 MP: 4/4
  1990 | D:3      | Noticed a centaur
  2010 | D:3      | Killed a centaur
  2011 | D:3      | Reached skill level 5 in Fighting
  2011 | D:3      | Reached XP level 4. HP: 20/39 MP: 5/5
  2116 | D:3      | Killed from afar by an orc priest

Illustrated notes

Levels and vault maps discovered:
D:1:      wander_arrival_fairy_ring, layout_loops_ring, minivault_26
D:2:      layout_basic
D:3:      layout_basic

Skill      XL: |  1  2  3 |
---------------+----------+-----
Fighting       | 4 5 |  5.7
Unarmed Combat | |  2.6
Spellcasting   | |  1.0
Fire Magic     | |  2.6

Action                     |  1- 3 |  4- 6 || total
---------------------------+-------+-------++-------
  Melee: Unarmed           |   102 |    13 ||   115
         Punch             |     2 |       ||     2
 Invoke: Fiery Armour      |       |     1 ||     1
    Use: Scroll            |     8 |       ||     8
         Potion            |       |     1 ||     1
 Armour: Ring mail         |    81 |     6 ||    87
  Dodge: Dodged            |    54 |     4 ||    58

Table legend: (Time is in decaauts)
 A = Elapsed time spent in this place.
 B = Non-inter-level travel time spent in this place.
 C = Inter-level travel time spent in this place.
 D = Time resting spent in this place.
 E = Time spent auto-exploring this place.
 F = Levels seen in this place.
 G = Mean time per level.
                   A        B        C        D        E       F      G
               +--------+--------+--------+--------+--------+-----+--------+
         Total |   2110 |   2044 |     66 |      0 |   1726 |   3 |  703.3 |
       Dungeon |   2110 |   2044 |     66 |      0 |   1726 |   3 |  703.3 |
               +--------+--------+--------+--------+--------+-----+--------+

Top non-repeatable levels by time:
     D:1: 840 daAuts
     D:2: 765 daAuts
     D:3: 504 daAuts
